 Dungeon Crawl Stone Soup version 0.28-a0-726-g4a9143789a (webtiles) character file.

Game seed: 16530508832894123200

4118 pokeman the Thaumaturge (level 10, -23/54 HPs)
             Began as a Deep Elf Hedge Wizard on Oct 27, 2021.
             Was a Believer of Vehumet.
             Annihilated by a boulder beetle (50 damage)
             ... on level 9 of the Dungeon.
             The game lasted 00:25:21 (10104 turns).

pokeman the Thaumaturge (Deep Elf Hedge Wizard)    Turns: 10104, Time: 00:25:21

Health: -23/54     AC:  5    Str:  7    XL:     10   Next: 6%
Magic:  22/28      EV: 12    Int: 23    God:    Vehumet [**....]
Gold:   1005       SH:  0    Dex: 14    Spells: 22/34 levels left

rFire   . . .      SeeInvis .   A - +1 dagger (venom)
rCold   . . .      Faith    .   (no shield)
rNeg    . . .      Spirit   .   q - +0 leather armour
rPois   .          Reflect  .   c - +0 hat
rElec   .          Harm     .   (no cloak)
rCorr   .          Rampage  .   d - +0 pair of gloves
Will    ++...                   t - +0 pair of boots
Stlth   ++........              p - amulet of magic regeneration
HPRegen 0.18/turn               j - ring of flight
MPRegen 0.46/turn               D - ring of willpower

@: flying, very slightly contaminated
A: no striking features
a: Renounce Religion


You were on level 9 of the Dungeon.
You worshipped Vehumet.
Vehumet was pleased with you.
You visited 2 branches of the dungeon, and saw 10 of its levels.
You also visited: Bailey.

You collected 1005 gold pieces.

Inventory:

Hand Weapons
 A - a +1 dagger of venom (weapon)
Missiles
 k - 45 bolts
 l - 160 arrows
Armour
 c - a +0 hat (worn)
 d - a +0 pair of gloves (worn)
 g - a +0 tower shield
 q - a +0 leather armour (worn)
 t - a +0 pair of boots (worn)
Magical Staves
 s - a staff of cold
Jewellery
 b - a ring of ice
 j - a ring of flight (left hand)
 p - an amulet of magic regeneration (around neck)
 D - a ring of willpower (right hand)
 H - an amulet of faith
Wands
 w - a wand of mindburst (21)
 E - a wand of iceblast (7)
Scrolls
 a - 4 scrolls of identify {unknown}
 n - 3 scrolls of teleportation {unknown}
 u - a scroll of brand weapon {unknown}
 v - a scroll of blinking {unknown}
 x - 3 scrolls of enchant armour {unknown}
 y - 5 scrolls of enchant weapon {unknown}
 B - a scroll of magic mapping {unknown}
 G - a scroll of amnesia {unknown}
 I - a scroll of torment {unknown}
 J - a scroll of immolation {unknown}
 K - a scroll of fear {unknown}
 L - a scroll of vulnerability {unknown}
Potions
 e - 3 potions of mutation {unknown}
 f - 3 potions of cancellation {unknown}
 h - a potion of invisibility {unknown}
 i - 5 potions of curing {unknown}
 m - a potion of brilliance {unknown}
 o - a potion of degeneration {unknown}
 r - 3 potions of attraction {unknown}
 z - 2 potions of heal wounds {unknown}
 C - a potion of haste {unknown}
 F - 4 potions of flight


   Skills:
 + Level 2.3 Fighting
 - Level 3.0 Armour
 - Level 3.1 Dodging
 - Level 3.0 Stealth
 - Level 3.0 Shields
 * Level 12.6 Spellcasting
 + Level 7.0 Conjurations
 - Level 1.1 Summonings
 - Level 1.1 Translocations
 + Level 6.2 Fire Magic
 - Level 1.2 Ice Magic
 - Level 1.0 Air Magic
 - Level 1.0 Poison Magic
 - Level 1.0 Evocations


You had 22 spell levels left.
You knew the following spells:

 Your Spells              Type           Power      Damage    Failure   Level
a - Magic Dart            Conj           100%       1d8       1%          1
b - Mephitic Cloud        Conj/Pois/Air  28%        N/A       5%          3
c - Call Imp              Summ           19%        N/A       6%          2
d - Blink                 Tloc           38%        N/A       6%          2
e - Conjure Flame         Conj/Fire      45%        6-21      1%          3
f - Shock                 Conj/Air       100%       1d9       1%          1

Your spell library contained the following spells:

 Spells                   Type           Power      Damage    Failure   Level
 Sandblast                Erth           28%        2d8       6%          1
 Slow                     Hex            14%        N/A       10%         2
 Ozocubu's Armour         Ice            20%        N/A       12%         3
 Ozocubu's Refrigeration  Ice            10%        4d7       100%        7


Dungeon Overview and Level Annotations

Branches:
Dungeon (9/15)             Temple (1/1) D:6          Bailey (visited)
   Lair: D:8-11         Orc: D:9-12

Altars:
Ashenzari
Cheibriados
Fedhas
Gozag
Hepliaklqana
Makhleb
Okawaru
Qazlal
Ru
Trog
Vehumet
Wu Jian
Yredelemnul
The Shining One

Shops:
D:2 ?

Annotations:
D:1 Loot beyond fire


Message History

Aim: a boulder beetle (wandering, hasn't noticed you, 100% to hit)
The magic dart hits the boulder beetle.
The boulder beetle is lightly wounded.
Unknown command.
The boulder beetle curls into a ball and begins rolling!
Casting: Magic Dart (safe; 1% risk of failure)
Confirm with . or Enter, or press ? or * to list all spells.
The fire begins to smoulder!
The fire ignites!
The boulder beetle is engulfed in blazing flames.
Casting: Conjure Flame (safe; 1% risk of failure)
Confirm with . or Enter, or press ? or * to list all spells.
You blink.
The boulder beetle hits you!!
Ouch! That really hurt!
The boulder beetle stops rolling and uncurls.
The boulder beetle leaps!
Casting: Blink (safe; 6% risk of failure)
Confirm with . or Enter, or press ? or * to list all spells.
Aiming: Mephitic Cloud (dangerous; 5% risk of failure)
Press: ? - help, Shift-Dir - straight line, f/p - boulder beetle
Aim: a boulder beetle (moderately wounded, chance to affect: 43%)
You miscast Mephitic Cloud.
You are very lightly contaminated with residual magic.
Nothing appears to happen.
The boulder beetle curls into a ball and begins rolling!
Casting: Mephitic Cloud (dangerous; 5% risk of failure)
Confirm with . or Enter, or press ? or * to list all spells.
Aiming: Mephitic Cloud (dangerous; 5% risk of failure)
Press: ? - help, Shift-Dir - straight line, f/p - boulder beetle
Aim: a boulder beetle (lightly wounded, rolling, chance to affect: 43%)
The ball explodes into a vile cloud!
The stinking cloud engulfs the boulder beetle but does no damage.
The boulder beetle is lightly wounded.
The boulder beetle is engulfed in noxious fumes.
The boulder beetle appears confused.
Unknown command.
You feel stable enough to blink again. The boulder beetle hits you!!!
Ouch! That really hurt!
You die...

........####'####^^..#####'##....
...............##_^^.'...........
............#..##.^^.##..........
#####.......#..##^#^###..........
#.......#..########..........
#.......#..#######...........
.........#......§#............
..........#....°○§#............
..........#...@B○○#............
................§............
#############################


You could see a boulder beetle (rolling, confused).

Vanquished Creatures
  An unseen horror (D:6)
  A vampire (D:6)
  6 yaks
  2 wyverns
  7 orc warriors
  2 sky beasts
  3 ice beasts
  A necrophage (D:6)
  A phantom (D:4)
  A kobold brigand (D:8)
  A bullfrog (D:6)
  3 scorpions
  4 killer bees (D:8)
  A water moccasin skeleton (D:5)
  2 wights (D:6)
  A bullfrog zombie (D:5)
  3 centaur zombies
  An orc priest (D:7)
  A bullfrog skeleton (D:6)
  A hound (D:2)
  A centaur skeleton (D:4)
  Jessica (D:3)
  Terence (D:2)
  An iguana (D:5)
  A killer bee zombie (D:6)
  A hound zombie (D:5)
  A howler monkey zombie (D:9)
  A howler monkey skeleton (D:6)
  4 gnolls (D:6)
  15 adders
  2 shadow imps (D:6)
  2 white imps
  2 ufetubi
  2 worms
  3 dart slugs
  16 orcs
  5 ball pythons
  5 bats
  6 endoplasms
  3 giant cockroaches
  13 goblins
  2 hobgoblins
  A jackal (D:1)
  25 kobolds
  2 quokkas
  4 frilled lizards
  A jackal skeleton (D:4)
  7 rats
  A spectral orc (D:9)
172 creatures vanquished.

Vanquished Creatures (others)
  3 wights (D:6)
  A ball python (D:1)
  An endoplasm (D:1)
  A jackal (D:1)
6 creatures vanquished.

Grand Total: 178 creatures vanquished

Notes
Turn   | Place    | Note
-------+----------+-------------------------------------------
     0 | D:1      | pokeman the Deep Elf Hedge Wizard began the quest for the
                  | Orb.
     0 | D:1      | Reached XP level 1. HP: 10/10 MP: 7/7
    50 | D:1      | You fall into a shaft and drop 1 floor!
   124 | D:2      | Reached XP level 2. HP: 10/16 MP: 1/9
   816 | D:1      | Reached skill level 5 in Spellcasting
   931 | D:1      | Reached XP level 3. HP: 20/20 MP: 6/11
   936 | D:1      | Learned a level 3 spell: Mephitic Cloud
   939 | D:1      | Learned a level 2 spell: Call Imp
   942 | D:1      | Learned a level 2 spell: Blink
   946 | D:1      | Learned a level 3 spell: Conjure Flame
  1400 | D:2      | Reached skill level 1 in Armour
  1616 | D:2      | Reached skill level 1 in Fighting
  1616 | D:2      | Reached XP level 4. HP: 15/25 MP: 5/13
  1921 | D:2      | Found a faded altar of an unknown god.
  2167 | D:2      | Noticed Terence
  2168 | D:2      | Found Nypsiset's Magic Scroll Boutique.
  2197 | D:2      | Killed Terence
  2790 | D:3      | Found a snail-covered altar of Cheibriados.
  2791 | D:3      | Noticed Jessica
  2796 | D:3      | Killed Jessica
  2797 | D:3      | Reached skill level 6 in Spellcasting
  2797 | D:3      | Reached skill level 1 in Fire Magic
  2797 | D:3      | Reached XP level 5. HP: 22/29 MP: 8/15
  3469 | D:3      | Reached skill level 1 in Air Magic
  3746 | D:4      | Noticed a phantom
  3760 | D:4      | Killed a phantom
  3761 | D:4      | Reached skill level 1 in Shields
  3761 | D:4      | Reached XP level 6. HP: 12/34 MP: 8/17
  3967 | D:4      | Found a glowing golden altar of the Shining One.
  4023 | D:4      | Reached skill level 1 in Poison Magic
  4396 | D:4      | Reached skill level 7 in Spellcasting
  4494 | D:4      | Reached skill level 1 in Evocations
  4575 | D:5      | Entered Level 5 of the Dungeon
  4757 | D:5      | Found a large runed translucent door.
  4759 | D:5      | Found a large runed translucent door.
  4785 | D:5      | Noticed a sky beast
  4800 | D:5      | Reached XP level 7. HP: 38/38 MP: 14/20
  4805 | D:5      | Reached skill level 1 in Ice Magic
  4808 | D:5      | Reached skill level 8 in Spellcasting
  5210 | D:5      | Found an ornate altar of the Wu Jian Council.
  5411 | D:5      | Found a broken altar of Ashenzari.
  5505 | D:5      | Reached XP level 8. HP: 18/44 MP: 10/22
  5735 | D:5      | Found an opulent altar of Gozag.
  5784 | D:6      | Reached skill level 9 in Spellcasting
  5913 | D:6      | Found a blossoming altar of Fedhas.
  6143 | D:6      | Killed an unseen horror
  6144 | D:6      | Reached skill level 5 in Conjurations
  6154 | D:6      | Reached skill level 10 in Spellcasting
  6956 | D:6      | Reached XP level 9. HP: 47/48 MP: 20/25
  6981 | D:6      | Reached skill level 11 in Spellcasting
  7204 | D:6      | Found a staircase to the Ecumenical Temple.
  7213 | Temple   | Entered the Ecumenical Temple
  7221 | Temple   | Became a worshipper of Vehumet
  7373 | D:7      | Reached skill level 5 in Fire Magic
  7456 | D:7      | Found a flagged portal.
  7464 | Bailey   | Entered a bailey
  7636 | Bailey   | Reached * piety under Vehumet
  7636 | Bailey   | Offered knowledge of Shock by Vehumet.
  7642 | Bailey   | Learned a level 1 spell: Shock
  8915 | D:8      | Reached skill level 12 in Spellcasting
  8950 | D:8      | Found an iron altar of Okawaru.
  8990 | D:8      | Found a stormy altar of Qazlal.
  9296 | D:8      | Found a sacrificial altar of Ru.
  9402 | D:8      | Found a burning altar of Makhleb.
  9402 | D:8      | Noticed a blizzard demon
  9421 | D:8      | Reached ** piety under Vehumet
  9421 | D:8      | Offered knowledge of Sandblast by Vehumet.
  9422 | D:8      | Reached XP level 10. HP: 26/53 MP: 24/28
  9690 | D:8      | Noticed an orange demon
  9690 | D:8      | Noticed an orange demon
  9886 | D:9      | Found a hazy altar of Hepliaklqana.
  9958 | D:9      | Found a basalt altar of Yredelemnul.
 10018 | D:9      | Noticed a boulder beetle
 10104 | D:9      | Annihilated by a boulder beetle

Illustrated notes

Levels and vault maps discovered:
D:1:      shiori_arrival_elements, layout_basic, lemuel_flame_loot_1
D:2:      layout_basic, serial_shops, nicolae_shop_stone,
          shapermc_ecumenical_altar_flowoftime, hangedman_glass_teeth,
          minmay_misc_feat_rugged, uniq_terence
D:3:      minmay_diamond_boxcup, layout_rooms, cheibriados_altar_1, uniq_jessica
D:4:      layout_loops_ring, nicolae_tso_swordbearing_angel
D:5:      layout_basic, jmf_multi_god_temple2, mainiacjoe_overflow_alcove_4
D:6:      layout_loops_ring, mainiacjoe_overflow_surrounded_room,
          lemuel_temple_firewalk_a
D:7:      layout_loops_corners, enter_bailey_3, minmay_misc_feat_plants
D:8:      layout_gridville, nicolae_qazlal_style_of_elements,
          nicolae_overflow_crystal_walls, nicolae_ru_the_path_less_chosen,
          makhleb_altar_promises_db
D:9:      minmay_the_grid_3x3 [minmay_the_grid_tiny_cups,
          minmay_the_grid_zigzag_pyramid, minmay_the_grid_rooms,
          minmay_the_grid_armoury, minmay_the_grid_paths,
          minmay_the_grid_aliased_spiral, minmay_the_grid_embedded,
          minmay_the_grid_outer_diamond,
          minmay_the_grid_prize_four_corners_diamond_b], layout_stronghold,
          yredelemnul_forgotten_temple_becter, mainiacjoe_overflow_tiny_flanked,
          minmay_radiant, uniq_erica, uniq_joseph
Temple:   dpeg_chambers_temple

Skill      XL: |  1  2  3  4  5  6  7  8  9 |
---------------+----------------------------+-----
Spellcasting   | 5 6 7 8 10 12 | 12.6
Armour         | 1 2 3 |  3.0
Fighting       | 1 2 |  2.3
Conjurations   | 2 3 4 5 7 |  7.0
Dodging        | 3 |  3.1
Fire Magic     | 1 2 4 6 |  6.2
Air Magic      | 1 |  1.0
Shields        | 1 2 3 |  3.0
Poison Magic   | 1 |  1.0
Stealth        | 3 |  3.0
Evocations     | 1 |  1.0
Ice Magic      | 1 |  1.2
Summonings     | |  1.1
Translocations | |  1.1

Action                   |  1- 3 |  4- 6 |  7- 9 | 10-12 || total
-------------------------+-------+-------+-------+-------++-------
Melee: Short sword       |     3 |    29 |       |       ||    32
       Dagger            |       |     1 |    38 |     6 ||    45
 Cast: Magic Dart        |    86 |   134 |   194 |     2 ||   416
       Conjure Flame     |       |     7 |    19 |     8 ||    34
       Mephitic Cloud    |       |     4 |    22 |     7 ||    33
       Call Imp          |       |     1 |     4 |       ||     5
       Blink             |       |       |     1 |     3 ||     4
       Shock             |       |       |    32 |     4 ||    36
Evoke: Wand              |       |       |     5 |       ||     5
 Stab: Sleeping          |     2 |     1 |       |       ||     3
       Confused          |       |     1 |     2 |       ||     3
Armor: Robe              |     4 |     1 |       |       ||     5
       Leather armour    |       |     8 |    22 |     5 ||    35
Dodge: Dodged            |     8 |    27 |    27 |     7 ||    69

Table legend: (Time is in decaauts)
 A = Elapsed time spent in this place.
 B = Non-inter-level travel time spent in this place.
 C = Inter-level travel time spent in this place.
 D = Time resting spent in this place.
 E = Time spent auto-exploring this place.
 F = Levels seen in this place.
 G = Mean time per level.
                   A        B        C        D        E       F      G
               +--------+--------+--------+--------+--------+-----+--------+
         Total |  10105 |   9924 |    181 |    332 |   7906 |  11 |  918.6 |
       Dungeon |   9615 |   9441 |    174 |    306 |   7664 |   9 | 1068.3 |
        Temple |     16 |      9 |      7 |      0 |      0 |   1 |   16.0 |
        Bailey |    472 |    472 |      0 |     26 |    242 |   1 |  472.0 |
               +--------+--------+--------+--------+--------+-----+--------+

Top non-repeatable levels by time:
     D:2: 1697 daAuts
     D:6: 1538 daAuts
     D:5: 1191 daAuts
     D:8: 1100 daAuts
     D:1: 1010 daAuts
     D:4: 938 daAuts
     D:3: 930 daAuts
     D:7: 921 daAuts
  Bailey: 472 daAuts
     D:9: 287 daAuts
  Temple: 16 daAuts
